[Event "Early-Titled-Tuesday-Blitz-February-27-2024"]
[Site "Chess.com"]
[Date "2024.02.27"]
[Round "7"]
[White "ajedrezsinlimites"]
[Black "LangesNasenhaar"]
[Result "1/2-1/2"]
[WhiteElo "2559"]
[BlackElo "2403"]
[TimeControl "180+1"]
[EndTime "9:17:05 PST"]
[Termination "Game drawn - insufficient material"]

1. e4 g6 2. d4 Bg7 3. Nc3 c6 4. f3 d5 5. e5 Qb6 6. a3 f6 7. f4 Nh6 8. h3 Nf5 9. Nf3 Ng3 10. Rg1 Bf5 11. Bd3 Ne4 12. g4 Nxc3 13. bxc3 Bxd3 14. Qxd3 fxe5 15. Nxe5 Bxe5 16. fxe5 O-O 17.
Bh6 Rf7 18. Rf1 Rxf1+ 19. Kxf1 Nd7 20. Kg2 c5 21. Rf1 c4 22. Qf3 Qe6 23. h4 b5 24.
Qf4 a5 25. h5 Kh8 26. hxg6 Qxg6 27. Kg3 Rg8 28. Rf3 Qxc2 29. g5 Qg6 30. Kh4 b4 31. axb4 axb4 32. cxb4 Nb6 33. Ra3 Qb1 34. Qf7 Qh1+ 35. Rh3 Qe1+ 36. Rg3 Qe4+ 37. Kh5 Qg6+ 38.
Qxg6 hxg6+ 39. Kg4 Rc8 40. Rc3 Na4 41. Ra3 c3 42. Rxa4 c2 43. Ra1 c1=Q 44. Rxc1 Rxc1 45. Kf4 e6 46. Bf8 Rb1 47. Ke3 Kg8 48. Bc5 Kf7 49. Kd3 Ke8 50. Kc2 Rg1 51. b5 Kd7 52. Kc3 Rxg5 53.
Kb4 Kc8 54. Ka5 Kb7 55. Kb4 Rg1 56. Be7 g5 57. Kc5 g4 58. Kd6 g3 59. Bh4 g2 60.
Bf2 Rf1 61. Be3 Rf3 62. Bg1 Rf1 63. Be3 g1=Q 64. Bxg1 Rxg1 65. Kxe6 Kb6 66. Kxd5 Kxb5 67. e6 Kb6 68. Kd6 Re1 69. e7 Kb7 70. Kd7 Kb6 71.
d5 Kc5 72. d6 Re2 73. Kc7 Re3 74. Kd7 Re2 75. Kc7 Re3 76. d7 Rxe7 77. Kc8 Rxd7 78. Kxd7 1/2-1/2

[Event "Early-Titled-Tuesday-Blitz-February-27-2024"]
[Site "Chess.com"]
[Date "2024.02.27"]
[Round "7"]
[White "Skatchkov_V"]
[Black "Fandorine"]
[Result "1-0"]
[WhiteElo "2669"]
[BlackElo "2886"]
[TimeControl "180+1"]
[EndTime "9:17:06 PST"]
[Termination "Skatchkov_V won by resignation"]

1. d4 Nf6 2. c4 g6 3. Nc3 Bg7 4. e4 d6 5. h3 O-O 6. Bg5 c5 7.
d5 e6 8. Bd3 h6 9. Be3 Re8 10. Qd2 Kh7 11. Nf3 Na6 12. O-O Nc7 13.
e5 dxe5 14. d6 e4 15. Nxe4 Nxe4 16. Bxe4 Na6 17. d7 Qxd7 18. Qxd7 Bxd7 19. Bxb7 Nb4 20. Bxa8 Rxa8 21. Bxc5 a5 22. a3 Nd3 23. Bd4 e5 24. Bc3 a4 25. Rad1 e4 26. Bxg7 Kxg7 27. Ne1 Be6 28. Nxd3 exd3 29. c5 Bc4 30. Rd2 Rc8 31. Rc1 Ba6 32. c6 Rc7 33. f4 Kf6 34. Kf2 Ke6 35. Ke3 Kd5 36. Rxd3+ Bxd3 37. Kxd3 Kd6 38.
Rc4 Kd5 39. Kc3 g5 40. fxg5 hxg5 41. g4 f6 42. Kb4 Rxc6 43. Rxc6 Kxc6 1-0

[Event "Early-Titled-Tuesday-Blitz-February-27-2024"]
[Site "Chess.com"]
[Date "2024.02.27"]
[Round "7"]
[White "Szparu"]
[Black "jcibarra"]
[Result "1-0"]
[WhiteElo "2793"]
[BlackElo "2940"]
[TimeControl "180+1"]
[EndTime "9:17:08 PST"]
[Termination "Szparu won by resignation"]

1. e4 c5 2. d4 cxd4 3. c3 Nf6 4. e5 Nd5 5. Nf3 Nc6 6. Bc4 Nb6 7. Bb3 g6 8. Ng5 d5 9. exd6 e6 10. O-O Bxd6 11.
cxd4 Nxd4 12. Ne4 Be7 13. Bh6 f5 14. Ned2 Bf6 15. Nc3 Kf7 16. Nf3 Re8 17. Nxd4 Bxd4 18. Qd2 Bf6 19. Qe2 Bd7 20. Rad1 Qe7 21. Rfe1 Rad8 22. g4 Bg5 23. gxf5 Bxh6 24. fxe6+ Bxe6 25. Qf3+ Kg7 26. Rxe6 Rxd1+ 27. Nxd1 Qg5+ 28. Kh1 Rxe6 29. Bxe6 Qe7 30. Bb3 Bg5 31. Nc3 Bf6 32. a4 a5 33.
Kg2 h5 34. Bc2 Nc4 35. Nd5 Ne5 36. Qe4 Qd6 37. f4 Ng4 38. Qxg6+ Kf8 39. Bb3 Be7 40. Qxh5 Nh6 41. Qe5 Qxe5 42. fxe5 Bc5 43. Kf3 Nf5 44. Ke4 Nd4 45. Bc4 Ne6 46. Nf6 Ng5+ 47. Kf5 Nf3 48.
Nd7+ Ke7 49. Nxc5 Nxh2 50. Nxb7 Nf3 51. Nxa5 Nd4+ 52. Ke4 1-0

[Event "Early-Titled-Tuesday-Blitz-February-27-2024"]
[Site "Chess.com"]
[Date "2024.02.27"]
[Round "7"]
[White "ChessboArt"]
[Black "Kotofeyca"]
[Result "0-1"]
[WhiteElo "2260"]
[BlackElo "2433"]
[TimeControl "180+1"]
[EndTime "9:17:10 PST"]
[Termination "Kotofeyca won by resignation"]

1. Nf3 d5 2. g3 c6 3. Bg2 Bg4 4.
b3 Nd7 5. Bb2 f6 6. O-O e5 7. d3 Bc5 8. Nbd2 Ne7 9. h3 Bh5 10.
a3 O-O 11. c4 Re8 12. Rc1 a5 13. Kh2 Qb6 14. e3 Rad8 15. d4 e4 16. dxc5 Qxc5 17.
cxd5 Qxd5 18. g4 exf3 19. Bxf3 Qd6+ 20. Kg2 Ne5 21. Ne4 Qxd1 22. Bxd1 Nd3 23. gxh5 Nxb2 24. Be2 Nd3 25. Rc3 Ne5 26. f4 Nf7 27. Nc5 Nd5 28. Rc2 Nxe3+ 29. Kf2 Nxc2 30. Nxb7 Rb8 31. Nxa5 Nd4 32.
Bc4 Kf8 33. Rd1 c5 34. b4 Nc2 35. bxc5 Rb2 36. Kg3 Ne3 37. Rd3 Nf5+ 38. Kf3 Nh4+ 39.
Kg3 Nf5+ 40. Kf3 Re1 41. Nc6 Rf1+ 42. Ke4 Ne7 43. Rd8+ Nxd8 44. Nxd8 Re1+ 45. Kf3 Nf5 46. Ne6+ Ke7 47. c6 Rc2 48. c7 Rxc4 0-1

[Event "Early-Titled-Tuesday-Blitz-February-27-2024"]
[Site "Chess.com"]
[Date "2024.02.27"]
[Round "7"]
[White "Leebit02"]
[Black "Christ_is_alive"]
[Result "1-0"]
[WhiteElo "2543"]
[BlackElo "2301"]
[TimeControl "180+1"]
[EndTime "9:17:12 PST"]
[Termination "Leebit02 won on time"]

1. d4 Nf6 2. c4 g6 3. h4 Bg7 4. Nc3 d6 5. e4 h5 6. Nf3 O-O 7. Be2 e5 8. d5 Na6 9. Ng5 Nc5 10. Be3 a5 11. f3 c6 12. g4 a4 13.
Rg1 Qa5 14. Qd2 a3 15. b3 Bd7 16. Rb1 Qb4 17. gxh5 Nxh5 18. Nd1 Na6 19. Nf2 Nf4 20. Bf1 Rac8 21. Rd1 cxd5 22. cxd5 Rc2 23. Qxb4 Nxb4 24.
Bd2 Nxa2 25. Ra1 Ra8 26. Nd3 Nc3 27. Nxf4 exf4 28. Bd3 Rb2 29. h5 a2 30. h6 Bd4 31.
h7+ Kg7 32. Rh1 Rb1+ 33. Bxb1 axb1=Q+ 34. Rxb1 Nxb1 35. h8=Q+ Rxh8 36. Rxh8 Kxh8 37. Bxf4 Kg7 38. Bxd6 Nc3 39. f4 Nb5 40. Bb8 Bc5 41. e5 Be7 42.
Ne4 Bd8 43. Nc5 Bc8 44. d6 1-0

[Event "Early-Titled-Tuesday-Blitz-February-27-2024"]
[Site "Chess.com"]
[Date "2024.02.27"]
[Round "7"]
[White "VladimirBugayev"]
[Black "Fluffey"]
[Result "0-1"]
[WhiteElo "2250"]
[BlackElo "2511"]
[TimeControl "180+1"]
[EndTime "9:17:14 PST"]
[Termination "Fluffey won on time"]

1. e4 c5 2. Nc3 Nc6 3. Bb5 Nf6 4. d3 e5 5. f4 exf4 6. Bxf4 Nd4 7. Bc4 Be7 8. Nf3 Nxf3+ 9. Qxf3 d6 10. h3 Be6 11.
Bb5+ Bd7 12. O-O-O Bxb5 13. Nxb5 a6 14. Nc3 O-O 15. g4 Nd7 16. h4 Bf6 17. Nd5 Be5 18. g5 Qa5 19. Kb1 b5 20. h5 Rae8 21. Qg4 Re6 22. g6 Nf6 23. gxh7+ Kh8 24. Qf5 Bxf4 25.
Nxf4 Re5 26. Qh3 Kxh7 27. Ng6 fxg6 28. hxg6+ Kxg6 29. Rhg1+ Kf7 30. Qg3 Rg8 31. Qg6+ Ke7 32. Rdf1 Re6 33. e5 dxe5 34. Qg2 Qc7 35. Rf5 e4 36.
Rgf1 e3 37. Qg5 e2 38. Re1 Qh2 39. Rxc5 Qf2 40. Rc7+ Kd8 41. Rc8+ Kxc8 42. Qc1 Rge8 43. a4 Nd5 44. axb5 axb5 45. Ka2 Ra6+ 46. Kb3 Qf7 47. c4 Nc7 48. Qg5 bxc4+ 49. dxc4 Rc6 50. Qg4+ Kb7 51.
Rxe2 Rxe2 52. Qxe2 Na6 53. Qg2 Qf6 0-1

[Event "Early-Titled-Tuesday-Blitz-February-27-2024"]
[Site "Chess.com"]
[Date "2024.02.27"]
[Round "7"]
[White "cthake"]
[Black "FMStan15"]
[Result "1-0"]
[WhiteElo "1828"]
[BlackElo "2068"]
[TimeControl "180+1"]
[EndTime "9:17:16 PST"]
[Termination "cthake won on time"]

1. e4 e6 2. d4 d5 3. Nc3 Bb4 4. Bd3 dxe4 5. Bxe4 c5 6. Ne2 Nf6 7. Bf3 Qb6 8. O-O O-O 9. Bg5 Nbd7 10. a3 Bxc3 11.
bxc3 c4 12. Rb1 Qc7 13. Bf4 Qa5 14. Bd6 Re8 15. Bb4 Qf5 16. Ng3 Qg6 17. Re1 Nb6 18. Qe2 Nbd5 19. Ne4 Nxb4 20. Nxf6+ Qxf6 21. Rxb4 Rb8 22. Qxc4 e5 23. Qc7 Ra8 24. dxe5 Qg6 25. Bxb7 Bxb7 26.
Rxb7 Rf8 27. Rxa7 Rxa7 28. Qxa7 Qxc2 29. Qd4 Rc8 30. e6 fxe6 31. Qd7 Rf8 32. Qxe6+ Kh8 33. Qe3 h6 34. h3 Qa2 35. Qc5 Rf6 36. Rf1 Kh7 37.
Qb4 Ra6 38. Qe4+ Kg8 39. Qe8+ Kh7 40. Qe4+ Kg8 41. Rd1 Rf6 42. Qd5+ Qxd5 43. Rxd5 Ra6 44. Rd1 Rxa3 45. Rc1 Ra5 46. c4 Rc5 47. f3 Kf7 48.
Kf2 Ke6 49. Ke3 Ke5 50. f4+ Kf5 51. g4+ Ke6 52. Ke4 Ra5 53. h4 g5 54. f5+ Kd6 55.
hxg5 hxg5 56. Kd4 Ra2 57. Re1 Rd2+ 58. Ke3 1-0

[Event "Early-Titled-Tuesday-Blitz-February-27-2024"]
[Site "Chess.com"]
[Date "2024.02.27"]
[Round "7"]
[White "MatthewG-p4p"]
[Black "Grischuk"]
[Result "0-1"]
[WhiteElo "2894"]
[BlackElo "3051"]
[TimeControl "180+1"]
[EndTime "9:17:17 PST"]
[Termination "Grischuk won by resignation"]

1. e4 e5 2. Nf3 Nc6 3. d4 exd4 4.
c3 d5 5. exd5 Qxd5 6. cxd4 Bg4 7. Be2 Bb4+ 8. Nc3 Bxf3 9. Bxf3 Qc4 10. Be3 O-O-O 11. Qb3 Qxb3 12. axb3 a5 13. Bxc6 bxc6 14. O-O Ne7 15. Rfc1 Nf5 16. Na2 Rhe8 17. Nxb4 axb4 18. Rxc6 Nxe3 19. fxe3 Rxe3 20. Ra7 Rd7 21. d5 Kb8 22.
Ra5 Rxb3 23. Rb5+ Kc8 24. Rc4 Rxb2 25. h4 h5 26. Rbc5 Rd2 27. d6 R2xd6 28. Rxb4 Rd5 29. Rc3 g6 30. Ra4 R7d6 31. Ra8+ Kd7 32. Rf8 Rf5 33. Re3 Rd4 34. g3 Rd2 35. Rfe8 Rc5 36. R8e7+ Kd6 37. Rxf7 Rc1+ 38. Rf1 Rxf1+ 39. Kxf1 c5 40. Rf3 Ke5 41.
Ke1 Rg2 42. Kf1 Rc2 43. Rf8 c4 44. Re8+ Kd4 45. Rd8+ Ke3 46. Rf8 c3 47. Rf6 Rh2 48.
Kg1 Rd2 49. Re6+ Kf3 50. Rxg6 c2 0-1

[Event "Early-Titled-Tuesday-Blitz-February-27-2024"]
[Site "Chess.com"]
[Date "2024.02.27"]
[Round "7"]
[White "dretch"]
[Black "AlexTruskavetsky"]
[Result "1-0"]
[WhiteElo "2884"]
[BlackElo "2742"]
[TimeControl "180+1"]
[EndTime "9:17:17 PST"]
[Termination "dretch won by resignation"]

1. d4 Nf6 2. c4 e6 3. Nf3 d5 4. Nc3 c6 5. cxd5 exd5 6. Bg5 Be7 7.
Qc2 h6 8. Bh4 O-O 9. e3 Re8 10.
Bd3 Ne4 11. Bxe7 Qxe7 12. O-O Bf5 13. Rfe1 Nd7 14. Nd2 Ndf6 15. f3 Nxd2 16. Bxf5 Nc4 17. Bd3 Nb6 18. Rad1 c5 19. Qf2 cxd4 20. exd4 Qd6 21. g3 g6 22. Kg2 Kg7 23. Nb5 Qd7 24.
Re5 a6 25. Nc3 Qd6 26. Rde1 Nbd7 27. Rxe8 Rxe8 28. Rc1 Nf8 29. Bc2 Ne6 30. Bb3 Rd8 31. Qe3 Nc7 32. Qe5 Qxe5 33. dxe5 Nd7 34. Na4 Ne6 35.
f4 Nb8 36. Nb6 Nc6 37. Bxd5 Ned4 38. Kf2 f6 39. exf6+ Kxf6 40. Be4 Ne7 41. Rc7 Ne6 42. Rd7 Rxd7 43. Nxd7+ Kg7 44. Bxb7 Nf5 45. Bxa6 Nc7 46.
Bc4 Nd6 47. b3 g5 48. a4 Nb7 49. fxg5 Nd6 50. gxh6+ Kxh6 51. a5 Kg5 52. a6 Nxc4 53. bxc4 Nxa6 54. Ke3 Nb4 55. h3 Kf5 56. Nc5 Ke5 57.
Nd3+ Nxd3 58. Kxd3 1-0

[Event "Early-Titled-Tuesday-Blitz-February-27-2024"]
[Site "Chess.com"]
[Date "2024.02.27"]
[Round "7"]
[White "Sam_ChessMood"]
[Black "SahibSinghKnight"]
[Result "1-0"]
[WhiteElo "2939"]
[BlackElo "2570"]
[TimeControl "180+1"]
[EndTime "9:17:18 PST"]
[Termination "Sam_ChessMood won by resignation"]

1. d4 d5 2. c4 e6 3. Nf3 Nf6 4. Nc3 Be7 5. Bf4 O-O 6. e3 b6 7. cxd5 Nxd5 8. Nxd5 Qxd5 9. a3 c5 10. Be2 Ba6 11. Bxa6 Nxa6 12. O-O cxd4 13. Qxd4 Qxd4 14. exd4 Rac8 15. Rac1 Rfd8 16. Rfd1 f6 17. h4 Kf7 18. Kf1 g6 19. Ke2 Bf8 20. g4 h6 21. g5 hxg5 22. hxg5 Rxc1 23. Rxc1 Bd6 24. Bxd6 Rxd6 25. Rc8 fxg5 26. b4 b5 27. Ra8 Kf6 28. Rxa7 Nb8 29. Nd2 Rxd4 30. Ke3 Rd5 31. Ne4+ Ke5 32. Rg7 Nc6 33.
Nc3 Nd4 34. Rxg6 Nf5+ 35. Ke2 Nd4+ 36. Kf1 Rd7 37. Rxg5+ Kf4 38. Rg3 Ra7 39. Ne2+ Nxe2 40. Kxe2 Rc7 41. Rf3+ Ke4 42. Re3+ Kd5 43. f4 Rc2+ 44.
Kf3 Ra2 45. Kg4 Kd6 46. Kg5 Rg2+ 47. Kf6 Rf2 48. Rxe6+ Kd5 49. f5 Rf3 50. Re5+ Kc4 51. Rc5+ Kb3 52. Rxb5 Kxa3 53. Rb8 Ka4 54. Ke6 Re3+ 55.
Kf7 Re5 56. f6 1-0

[Event "Early-Titled-Tuesday-Blitz-February-27-2024"]
[Site "Chess.com"]
[Date "2024.02.27"]
[Round "7"]
[White "VitaliyChayka"]
[Black "aRk_iN"]
[Result "1-0"]
[WhiteElo "2515"]
[BlackElo "2252"]
[TimeControl "180+1"]
[EndTime "9:17:20 PST"]
[Termination "VitaliyChayka won on time"]

1. d4 d5 2. Bf4 c5 3. e3 Nf6 4. dxc5 Qa5+ 5. Nc3 Qxc5 6. Nb5 Na6 7. c3 Bf5 8. Nf3 e6 9. Nbd4 Bd6 10. Bb5+ Ke7 11. Nxf5+ exf5 12. Bxd6+ Qxd6 13. Nd4 g6 14. Bxa6 Qxa6 15.
Qb3 Rhd8 16. Qb4+ Ke8 17. f3 Rac8 18. Kf2 Rc4 19. Qb3 Kf8 20. h4 h5 21. Rhd1 Kg7 22.
Rd2 Re8 23. Rad1 Re7 24. Ne2 Rxh4 25. Nf4 g5 26. Nxd5 Nxd5 27. Qxd5 Qb6 28. Re1 Rh1 29. Ree2 Qe6 30. Qxe6 fxe6 31. Re1 Rxe1 32. Kxe1 Kf6 33. Rd8 h4 34. Ke2 a6 35. a4 Rg7 36. Rh8 Kg6 37.
c4 Kf6 38. b4 Rc7 39. Kd3 Ke5 40. b5 axb5 41. axb5 Rg7 42. Kc3 g4 43. Rxh4 gxf3 44. gxf3 Rg3 45. Rh7 Rxf3 46. Rxb7 Rxe3+ 47. Kb4 f4 48. c5 Re4+ 49. Ka5 f3 50. Rh7 f2 51. Rh5+ Kd4 52. Rh1 Re1 53. Rh4+ Kxc5 54. Rh5+ 1-0

[Event "Early-Titled-Tuesday-Blitz-February-27-2024"]
[Site "Chess.com"]
[Date "2024.02.27"]
[Round "7"]
[White "sorch29"]
[Black "Dewarfd"]
[Result "1-0"]
[WhiteElo "2400"]
[BlackElo "2157"]
[TimeControl "180+1"]
[EndTime "9:17:20 PST"]
[Termination "sorch29 won by resignation"]

1. d4 Nf6 2. c4 g6 3. Nc3 d5 4. Bf4 Bg7 5. e3 c6 6. Nf3 O-O 7. h3 Be6 8. Qb3 dxc4 9. Bxc4 Bxc4 10. Qxc4 Nbd7 11. O-O Nb6 12. Qb3 Nfd5 13. Bh2 Nxc3 14. bxc3 Qd5 15. Rfe1 e6 16. e4 Qc4 17. Rab1 Qxb3 18.
Rxb3 c5 19. Bc7 cxd4 20. cxd4 Nd7 21. Rxb7 Nf6 22. Be5 Rfc8 23. Ng5 Rf8 24. a4 h6 25. Nf3 Rfc8 26. Bxf6 Bxf6 27. e5 Bg7 28. d5 exd5 29.
e6 Rf8 30. Rd7 d4 31. Nxd4 fxe6 32. Rxe6 Rfd8 33. Red6 Rxd7 34. Rxd7 Bxd4 35. Rxd4 Kf7 36. Rd7+ Ke6 37. Rb7 h5 38. a5 Kf6 39. a6 Ke6 40. g3 Kf6 41. Kg2 Ke6 42. Kf3 Kf6 43. Kf4 Ke6 44. Kg5 Rf8 45. f4 Rf6 46. g4 hxg4 47. hxg4 Rf7 48. Rxf7 Kxf7 49. f5 gxf5 50. Kxf5 Kg7 51.
Ke6 Kg6 52. Kd7 Kg5 53. Kc7 Kxg4 54. Kb7 Kf5 55. Kxa7 Ke6 56. Kb7 Kd7 57. a7 Kd6 58. a8=Q 1-0

[Event "Early-Titled-Tuesday-Blitz-February-27-2024"]
[Site "Chess.com"]
[Date "2024.02.27"]
[Round "7"]
[White "BogdanDeac"]
[Black "wqws"]
[Result "0-1"]
[WhiteElo "2968"]
[BlackElo "2703"]
[TimeControl "180+1"]
[EndTime "9:17:23 PST"]
[Termination "wqws won by checkmate"]

1. h4 e5 2. c3 d5 3. d4 Nc6 4. dxe5 Nxe5 5. Nf3 Bd6 6. Qxd5 Nf6 7.
Qd1 Qe7 8. Bg5 Bg4 9. Bxf6 gxf6 10. Nxe5 fxe5 11. Nd2 O-O-O 12. Qa4 f5 13. Qxa7 c6 14.
Nc4 Bc5 15. Qa8+ Kc7 16. Qa5+ Kb8 17. b4 Bd6 18. Ne3 Bc7 19. Qa3 Bh5 20. Qb2 f4 21. Nc4 e4 22. e3 fxe3 23. Nxe3 Be5 24. Rc1 Rhf8 25. Be2 Bg6 26. g3 Qc7 27. Rg1 h5 28. Rd1 Rde8 29. Rd2 Re7 30. Rg2 Ref7 31. Bc4 Rf6 32. Kd1 Rf3 33. Kc1 Qg7 34. Rc2 Qf6 35. Kb1 Qd6 36. Bf1 Rxe3 37. Qc1 Ref3 38. Be2 e3 39.
Bxf3 Bxc2+ 40. Qxc2 Rxf3 41. fxe3 Rxe3 42. Rd2 Qe7 43.
Rd3 Rxd3 44. Qxd3 Qf6 45. c4 Kc7 46. b5 Qf2 47. Kc1 Qxg3 48. Qh7+ Kb6 49. Qxh5 Qc3+ 50. Kd1 Qd3+ 51. Ke1 Bg3# 0-1

[Event "Early-Titled-Tuesday-Blitz-February-27-2024"]
[Site "Chess.com"]
[Date "2024.02.27"]
[Round "7"]
[White "Egor_Koshulyan"]
[Black "Zhigalko_Sergei"]
[Result "0-1"]
[WhiteElo "2658"]
[BlackElo "2908"]
[TimeControl "180+1"]
[EndTime "9:17:23 PST"]
[Termination "Zhigalko_Sergei won by checkmate"]

1. f4 d5 2. Nf3 Nf6 3. g3 g6 4. Bg2 Bg7 5. O-O O-O 6. d3 c5 7. Ne5 Nfd7 8. Nxd7 Qxd7 9. c3 Nc6 10. e4 e6 11. Qe2 b6 12. f5 exf5 13. exf5 Ba6 14. Bg5 Rae8 15. Qf3 Ne5 16. Qxd5 Bxd3 17. f6 Bh8 18.
Qxd7 Nxd7 19. Rd1 c4 20. Bh6 Nxf6 21. Bxf8 Kxf8 22. Na3 Ng4 23. Bf1 Ne5 24. b3 Bxf1 25. Kxf1 cxb3 26. axb3 Ng4 27. Rd3 Nxh2+ 28. Kg2 Ng4 29.
Nb5 a5 30. Nd6 Re6 31. Nc4 h5 32. Rf1 Re2+ 33. Kg1 Bf6 34. Rdf3 Kg7 35. Nxb6 Rc2 36. Nd5 Be5 37. Rxf7+ Kh6 38. Ne7 Bxc3 39. Ng8+ Kg5 40. R7f4 Bd2 41. Rc4 Be3+ 42. Rf2 Bxf2+ 43. Kg2 Rxc4 44.
bxc4 a4 45. Kf3 a3 46. c5 Bxc5 47. Nf6 a2 48. Ne4+ Kh6 49. Nxc5 a1=Q 50. Ne6 Qa3+ 51.
Kf4 Qd6+ 52. Kf3 Qxe6 53. Kg2 Qe2+ 54. Kg1 Qf2+ 55. Kh1 Qh2# 0-1

[Event "Early-Titled-Tuesday-Blitz-February-27-2024"]
[Site "Chess.com"]
[Date "2024.02.27"]
[Round "7"]
[White "JaloliddinIlkhomi"]
[Black "chesstrainer2042"]
[Result "1-0"]
[WhiteElo "2769"]
[BlackElo "2567"]
[TimeControl "180+1"]
[EndTime "9:17:23 PST"]
[Termination "JaloliddinIlkhomi won by resignation"]

1. Nf3 Nf6 2. c4 e6 3. g3 d5 4. Bg2 d4 5. O-O Nc6 6. d3 Bc5 7. a3 a5 8. e3 O-O 9. exd4 Nxd4 10. Be3 c6 11. Nc3 Nxf3+ 12. Bxf3 Bd4 13. Qc2 e5 14. Ne2 Bxe3 15. fxe3 Bh3 16. Rfe1 Ng4 17. Nc3 f5 18. Qe2 Qg5 19. Bxg4 Bxg4 20. Qd2 Rad8 21. Rf1 h5 22. Rf2 h4 23. gxh4 Qxh4 24. Re1 Rf6 25. Ne2 Rfd6 26. d4 exd4 27. exd4 Bxe2 28. Qxe2 Qxd4 29.
Kh1 Qd3 30. Qxd3 Rxd3 31. Re7 Rd2 32. Rxd2 Rxd2 33. Rxb7 f4 34. h4 a4 35. c5 Kh7 36.
Rb4 f3 37. Kg1 Kh6 38. Rxa4 Rxb2 39. Rf4 Rb3 40. a4 Ra3 41. Kf2 Kh5 42. Rd4 g6 43. Kg3 Rc3 44. a5 Rxc5 45. Ra4 Rf5 46. Kf2 Rf7 47. a6 Ra7 48. Kxf3 c5 49. Ke3 g5 50. hxg5 Kxg5 51. Kd3 Kf6 52. Kc4 Ke6 53. Kxc5 Kd7 54.
Kb6 Ra8 55. Kb7 1-0

[Event "Early-Titled-Tuesday-Blitz-February-27-2024"]
[Site "Chess.com"]
[Date "2024.02.27"]
[Round "7"]
[White "maroro07"]
[Black "hakanazeri2"]
[Result "1-0"]
[WhiteElo "2426"]
[BlackElo "2583"]
[TimeControl "180+1"]
[EndTime "9:17:23 PST"]
[Termination "maroro07 won by resignation"]

1. d4 Nf6 2. c4 e6 3. g3 Be7 4. Bg2 d5 5. Nf3 O-O 6. O-O dxc4 7. Qc2 b5 8. a4 b4 9. Ne5 Qxd4 10. Nxc4 c6 11. Be3 Qd8 12. Rd1 Nd5 13. Bf4 Nd7 14.
e4 Nxf4 15. gxf4 Qc7 16. e5 Bb7 17. Nd6 Bxd6 18. Rxd6 Nb6 19. Nd2 Rfd8 20. Ne4 c5 21. Rad1 Rxd6 22. exd6 Qd8 23. Ng5 g6 24. Bxb7 Rb8 25.
Bg2 Rc8 26. a5 Nd7 27. a6 Qf6 28. Qd2 c4 29. Qxb4 Qxf4 30. Qd2 Qe5 31. Bb7 Rc5 32. Ne4 Rb5 33. Bc6 Rb6 34. Bxd7 Qxe4 35. Ba4 Qg4+ 36. Kf1 Qh3+ 37. Ke1 c3 38. bxc3 Rb8 39. d7 Rd8 40.
Bc6 Qxh2 41. Qd6 Qg1+ 42. Ke2 Qg4+ 43. Bf3 Qc4+ 44. Qd3 Qa2+ 45. Rd2 Qa3 46. c4 Qxa6 47. c5 Qa5 48. c6 Qe5+ 49. Kf1 Qf4 50. Bg2 h5 51.
Qd6 Qc4+ 52. Kg1 Qc1+ 53. Kh2 h4 54. c7 Rxd7 55. Qxd7 Kg7 56. c8=Q Qa3 57. Qd4+ Kh6 58. Qxh4+ 1-0

[Event "Early-Titled-Tuesday-Blitz-February-27-2024"]
[Site "Chess.com"]
[Date "2024.02.27"]
[Round "7"]
[White "dropstoneDP"]
[Black "GaiozNigalidze"]
[Result "0-1"]
[WhiteElo "3005"]
[BlackElo "2677"]
[TimeControl "180+1"]
[EndTime "9:17:25 PST"]
[Termination "GaiozNigalidze won by resignation"]

1. e4 c5 2. Nf3 d6 3. d4 cxd4 4.
Nxd4 Nf6 5. Nc3 a6 6. Be3 e5 7.
Nb3 Be6 8. f3 Be7 9. Qd2 O-O 10.
O-O-O Nbd7 11. g4 b5 12. g5 b4 13. gxf6 bxc3 14. Qxc3 Nxf6 15. Na5 Rc8 16. Nc6 Qe8 17. Nxe7+ Qxe7 18. Qa3 Rc6 19. b3 Rfc8 20. c4 Qb7 21.
Kd2 d5 22. exd5 Bxd5 23. cxd5 Nxd5 24. Bc4 Nxe3 25. Kxe3 Qb6+ 26. Ke2 Rg6 27. Kf1 Qe3 28. Rd3 Qg5 29. Qa5 Qg2+ 30. Ke1 Qxh1+ 31. Kd2 Rg2+ 32. Ke3 Qc1+ 33. Ke4 Qf4+ 34. Kd5 Qf6 35. Qxa6 Qxa6 36. Bxa6 Rd8+ 37. Kxe5 Rxd3 38. Bxd3 Rxa2 39. h4 Rb2 40. Bc4 Kf8 41. Kd6 g6 42. Kc5 Ke7 43. b4 h6 44.
b5 g5 45. h5 f5 46. b6 g4 47. fxg4 fxg4 48. Bb5 Kd8 49. Kc6 Kc8 50. Bf1 Kb8 51.
Kd5 g3 52. Ke4 g2 0-1

[Event "Early-Titled-Tuesday-Blitz-February-27-2024"]
[Site "Chess.com"]
[Date "2024.02.27"]
[Round "7"]
[White "marcodobrikov"]
[Black "SARGISMV"]
[Result "0-1"]
[WhiteElo "2601"]
[BlackElo "2481"]
[TimeControl "180+1"]
[EndTime "9:17:25 PST"]
[Termination "SARGISMV won by checkmate"]

1. Nf3 Nf6 2. g3 b5 3. Bg2 Bb7 4. a4 a6 5. axb5 axb5 6. Rxa8 Bxa8 7. O-O e6 8. b3 Be7 9. Bb2 O-O 10. Na3 Bxf3 11.
Bxf3 c6 12. c4 Qa5 13. Nc2 Qa2 14. Bxf6 Bxf6 15. cxb5 cxb5 16. Ne3 Rc8 17. d4 Nc6 18. d5 Nd4 19. dxe6 dxe6 20. Ng4 Nxb3 21. Qd7 Qc2 22.
Nxf6+ gxf6 23. Qxb5 Nd4 24. Qh5 Qg6 25. Qh4 Rc4 26.
Qh3 Rc2 27. Bh5 Nxe2+ 28. Bxe2 Rxe2 29. Ra1 Kg7 30. Qh4 Rb2 31. Ra4 f5 32. Ra7 Qf6 33. Qh5 Rb4 34. Kg2 Rg4 35. h3 Rg6 36. Qf3 Qe5 37. Kh2 Qe4 38. Qc3+ e5 39. Qb3 Rf6 40. h4 f4 41. h5 fxg3+ 42. Qxg3+ Kh6 43. Ra3 Qf4 44. Re3 Qxg3+ 45. fxg3 Rf5 46. g4 Rf4 47. Kg3 f6 48. Kh3 Kg5 49. Rg3 e4 50. Rg2 Rf3+ 51.
Kh2 Kf4 52. h6 e3 53. Rg1 Rf2+ 54. Kh3 Kf3 55. Ra1 e2 56. Kh4 Kg2 57. g5 fxg5+ 58. Kxg5 Rf1 59. Ra2 Kf2 60. Kf6 Rg1 61. Rb2 Rg6+ 62.
Kf7 Rxh6 63. Kg7 Rh3 64. Rb3 Rxb3 65. Kh6 Rg3 66. Kh5 e1=Q 67. Kh6 Qh1# 0-1

[Event "Early-Titled-Tuesday-Blitz-February-27-2024"]
[Site "Chess.com"]
[Date "2024.02.27"]
[Round "7"]
[White "JonSnowNW1"]
[Black "IMRosen"]
[Result "1-0"]
[WhiteElo "2524"]
[BlackElo "2683"]
[TimeControl "180+1"]
[EndTime "9:17:25 PST"]
[Termination "JonSnowNW1 won by checkmate"]

1. c4 e6 2. Nf3 d5 3. d4 Nf6 4. g3 dxc4 5. Qa4+ Bd7 6. Qxc4 c5 7.
dxc5 b6 8. cxb6 Qxb6 9. Nc3 Bc5 10. e3 Na6 11. Bg2 Rc8 12. Qh4 Be7 13. O-O Nd5 14.
Qg4 Nxc3 15. bxc3 Bf6 16. e4 Bxc3 17. Be3 Qa5 18. Rac1 O-O 19. Rxc3 Rxc3 20. Bd4 e5 21. Bxc3 Qc7 22. Bxe5 Bxg4 23. Bxc7 Nxc7 24. Ne5 Be6 25. Rc1 Nb5 26. a4 Nd4 27. Bf1 f6 28. Nc6 Nb3 29. Rd1 a5 30. Rd6 Bf7 31. Ne7+ Kh8 32. Nf5 g6 33.
Nh6 Nc5 34. Rxf6 Kg7 35. Rxf7+ Rxf7 36. Nxf7 Kxf7 37. Bc4+ Kf6 38. Bb5 Nxe4 39. f4 Nc3 40. Bc6 Ke7 41. Kf2 Kd6 42. Be8 Kc5 43. Ke3 Kb4 44. g4 Nxa4 45. Bxa4 Kxa4 46. f5 gxf5 47. gxf5 Kb3 48. f6 a4 49. f7 a3 50. f8=Q h5 51. Qb8+ Ka2 52. Kd2 Ka1 53. Kc2 a2 54.
Qb2# 1-0

[Event "Early-Titled-Tuesday-Blitz-February-27-2024"]
[Site "Chess.com"]
[Date "2024.02.27"]
[Round "7"]
[White "DuleMudule"]
[Black "vugarrasulov"]
[Result "1/2-1/2"]
[WhiteElo "2859"]
[BlackElo "3007"]
[TimeControl "180+1"]
[EndTime "9:17:26 PST"]
[Termination "Game drawn - insufficient material"]

1. d4 Nf6 2. Bg5 e6 3. e3 c5 4. c3 h6 5. Bh4 Qb6 6. Nd2 d5 7. Ngf3 Nc6 8. Qb3 Be7 9. Be2 Bd7 10. Ne5 cxd4 11. Qxb6 axb6 12. exd4 Nxe5 13. dxe5 Ne4 14. Nxe4 dxe4 15. Bxe7 Kxe7 16. f4 exf3 17. Bxf3 Bc6 18.
O-O Ra5 19. Rfe1 Rd8 20. Bxc6 bxc6 21. a4 Rda8 22. b3 b5 23. Re4 bxa4 24. bxa4 Rc5 25. Ra3 Raa5 26. Kf2 g5 27. g4 Kd7 28. Re3 Rxe5 29.
Rxe5 Rxe5 30. a5 Kc7 31. a6 Kb8 32. Rb3+ Ka8 33. Rb7 f5 34. Rh7 fxg4 35. Rxh6 Ka7 36. Kg3 Re4 37. Rg6 Kxa6 38. Rxg5 Rc4 39. Rxg4 Rxc3+ 40. Kg2 Kb5 41. h4 c5 42. h5 Rd3 43. h6 Rd8 44. h7 Rh8 45. Rg7 c4 46. Kf3 Kb4 47.
Ke3 Kc3 48. Rc7 Rf8 49. Rc6 Rh8 50. Rc7 Kb3 51. Kd4 Rd8+ 52. Ke5 c3 53. Kxe6 c2 54. Kf6 Kb2 55. Rxc2+ Kxc2 56. Kg7 Rd7+ 57. Kg8 Rxh7 58. Kxh7 1/2-1/2